AoeStats
← Jimi Blue Ochsenknecht

Northern Isles

510747170Analyzed
1v1 RM · 10h ago on Oct 2, 2026· 34m 48s· 2 players
Game mode
Random Map
Map size
Tiny (2 player)
Population
200
Speed
Normal
Resources
Standard
Victory
Conquest
Starting age
Dark Age
Ending age
Imperial Age
RankedLock teamsTeams togetherTeam positionsShared explorationLock speedFull tech treeHidden civsTurbo modeCheats
Victory
Defeat
🇨🇳 Spanish · China
1000
+16
1000
-48
Jimi Blue Ochsenknecht
13:06 Feudal Age
14:44 Wheelbarrow
14:28 Fishing Lines
15:23 Double-Bit Axe
17:38 Horse Collar
18:31 Man-at-Arms
20:49 Gold Mining
26:53 Castle Age
30:58 Stone Mining
33:27 Hand Cart
33:09 Elite Skirmisher
严的老爹
14:23 Feudal Age
12:39 Loom
15:56 Double-Bit Axe
16:11 Fishing Lines
18:45 Castle Age
17:02 Gold Mining
17:50 Stone Mining
20:44 Gillnets
21:33 Bow Saw
23:59 Stone Shaft Mining
25:36 Bloodlines
25:27 Husbandry
25:22 Fletching
25:32 Padded Archer Armor
29:38 Imperial Age
28:41 Town Watch
32:01 Chemistry
32:35 Shipwright
32:42 Shipwright
34:18 Two-Man Saw
32:45 Elite Cannon Galleon
34:21 Conscription
34:26 Ballistics
34:19 Town Patrol
Connection lost

Rejoining the realm…

Still unreachable

The connection could not be restored.

Session expired

The server has moved on; the page needs a fresh start.